 Dungeon Crawl Stone Soup version 0.23-a0-650-ga4d50d4 (webtiles) character file.

48 Borgoz the Sneak (level 4, -12/27 HPs)
             Began as a Kobold Assassin on Jan 2, 2019.
             Mangled by an ogre
             ... wielding a +0 giant spiked club
              (23 damage)
             ... on level 2 of the Dungeon.
             The game lasted 00:03:43 (1291 turns).

Borgoz the Sneak (Kobold Assassin)                  Turns: 1291, Time: 00:03:44

Health: -12/27     AC:  6    Str:  8    XL:     4   Next: 0%
Magic:  4/4        EV: 12    Int: 12    God:
Gold:   88         SH:  0    Dex: 17    Spells: 3/3 levels left

rFire    . . .     SeeInvis .   b - +0 blowgun
rCold    . . .     Gourm    .   (shield restricted)
rNeg     . . .     Faith    .   j - +0 ring mail
rPois    .         Spirit   .   (no helmet)
rElec    .         Reflect  .   d - +0 cloak
rCorr    .         Harm     .   (no gloves)
MR       .....                  (no boots)
Stlth    +++.......             (no amulet)
HPRegen  0.09/turn              (no ring)
MPRegen  0.09/turn              (no ring)

@: no status effects
A: small, carnivore
a: no special abilities


You were on level 2 of the Dungeon.
You were very full.

You visited 1 branch of the dungeon, and saw 2 of its levels.

You collected 88 gold pieces.

Inventory:

Hand Weapons
 a - a +2 dagger
 b - a +0 blowgun (weapon)
Missiles
 e - a poisoned needle (quivered)
 f - 2 curare-tipped needles
Armour
 d - a +0 cloak (worn)
 j - a +0 ring mail (worn)
Scrolls
 c - a scroll of remove curse {unknown}
 i - a scroll of magic mapping {unknown}
 k - 3 scrolls of identify {unknown}
 l - a scroll of teleportation {unknown}
 q - a scroll of amnesia {unknown}
Potions
 h - a potion of heal wounds {unknown}
 m - a potion of lignification {unknown}
 o - a potion of might {unknown}
 p - a potion of haste {unknown}
Comestibles
 g - 3 rations
 n - 2 chunks of flesh


   Skills:
 + Level 2.7 Fighting
 * Level 3.7 Short Blades
 + Level 2.2 Throwing
 + Level 0.1 Armour
 + Level 1.4 Dodging
 + Level 6.1 Stealth


You had 3 spell levels left.
You didn't know any spells.
Your spell library was empty.

Dungeon Overview and Level Annotations

Branches:
Dungeon (2/15)

Altars:
Hepliaklqana


Innate Abilities, Weirdness & Mutations

You are small and have problems with some larger weapons.
You are carnivorous and can eat meat at any time.


Message History

The ogre is poisoned.
The ogre is moderately wounded.
The ogre hits you with a +0 giant spiked club!!
Ouch! That really hurt!
Firing (i - inventory. (/) - cycle)
e - 3 poisoned needles (quivered)
Press: ? - help, Shift-Dir - straight line, f/p - ogre
Aim: an ogre, wielding a +0 giant spiked club (moderately wounded, poisoned)
You shoot a poisoned needle. The poisoned needle hits the ogre.
The ogre looks even sicker.
The ogre is moderately wounded.
The ogre looks more healthy.
Firing (i - inventory. (/) - cycle)
e - 2 poisoned needles (quivered)
Press: ? - help, Shift-Dir - straight line, f/p - ogre
Aim: an ogre, wielding a +0 giant spiked club (severely wounded)
You shoot a poisoned needle. The poisoned needle hits the ogre.
The ogre is poisoned.
The ogre is severely wounded.
The ogre hits you with a +0 giant spiked club!!
Ouch! That really hurt!
You die...

# #.# #..# .# #.# #.†#.#
####.####..# .# .#.###....#
...........##.#####.#..##....#
................ ...#..##..###
............#.# #.##......#
..............# #.##..##.##
.............#####.....####
#..............#.#....##
#..............O@..####
#####............###
####.........# ##.##.#...#
#.##.#...# ####.###.# #.# #.#
### ###


You could see an ogre.

Vanquished Creatures
  2 oozes
  3 worms (D:2)
  5 goblins
  7 hobgoblins
  2 jackals (D:1)
  A ball python (D:2)
  5 bats
  2 frilled lizards
  4 rats (D:2)
31 creatures vanquished.

Notes
Turn   | Place    | Note
-------+----------+-------------------------------------------
     0 | D:1      | Borgoz the Kobold Assassin began the quest for the Orb.
     0 | D:1      | Reached XP level 1. HP: 12/12 MP: 1/1
   293 | D:1      | Reached XP level 2. HP: 17/18 MP: 2/2
   604 | D:2      | Found a hazy altar of Hepliaklqana.
   650 | D:2      | Reached XP level 3. HP: 21/22 MP: 3/3
   661 | D:1      | Reached skill level 6 in Stealth
  1230 | D:2      | Noticed an ogre
  1251 | D:2      | Reached XP level 4. HP: 27/27 MP: 4/4
  1291 | D:2      | Mangled by an ogre

Vault maps used:
D:1:      roderic_chinese_lattice_arrival
D:2:      nicolae_overflow_crystal_walls, first_ration

Skill      XL: |  1  2  3 |
---------------+----------+-----
Short Blades   | 3 |  3.7
Stealth        | 6 |  6.1
Fighting       | |  2.7
Throwing       | |  2.2
Armour         | |  0.1
Dodging        | |  1.4

Action                   |  1- 3 |  4- 6 || total
-------------------------+-------+-------++-------
Melee: Dagger            |   106 |       ||   106
 Fire: Blowgun           |    11 |     5 ||    16
 Stab: Sleeping          |     8 |       ||     8
       Distracted        |     1 |       ||     1
  Eat: Chunk             |     9 |       ||     9
Armor: Ring mail         |    25 |       ||    25
       Robe              |     3 |       ||     3
Dodge: Dodged            |    40 |       ||    40

Table legend:
 A = Non-vault XP
 B = Vault XP
 C = Vault XP percentage of total XP
 D = Non-vault monster count
 E = Vault monster count
 F = Vault count percentage of total count
                 A         B        C        D         E       F
            +---------+---------+-------+---------+---------+-------
      Total |      69 |       0 |   0.0 |      31 |       0 |   0.0
            +---------+---------+-------+---------+---------+-------
        D:1 |      27 |       0 |   0.0 |      13 |       0 |   0.0
        D:2 |      42 |       0 |   0.0 |      18 |       0 |   0.0
            +---------+---------+-------+---------+---------+-------
